 Dungeon Crawl Stone Soup version 0.26-a0-771-g060e6a62af (webtiles) character file.

Game seed: 12790074734856744584

42 Descartes the Sneak (level 3, -2/17 HPs)
             Began as a Felid Monk on Nov 8, 2020.
             Killed by nerve-wracking pain
             ... invoked by an orc priest
              (6 damage)
             ... on level 3 of the Dungeon.
             The game lasted 00:03:45 (3229 turns).

Descartes the Sneak (Felid Monk)                    Turns: 3229, Time: 00:03:45

Health: -2/17      AC:  1    Str:  8    XL:     3   Next: 35%
Magic:  4/4        EV: 20    Int: 11    God:
Gold:   95         SH:  0    Dex: 18    Spells: 2/2 levels left
                                        Lives:  0   Deaths: 1

rFire    . . .     SeeInvis +     - Unarmed
rCold    . . .     Faith    .   (shield unavailable)
rNeg     . . .     Spirit   .   (armour unavailable)
rPois    .         Reflect  .   (helmet unavailable)
rElec    .         Harm     .   (cloak unavailable)
rCorr    .         Rampage  .   (gloves unavailable)
MR       .....                  (boots unavailable)
Stlth    ++++......             (no amulet)
HPRegen  0.05/turn              (no ring)
MPRegen  0.09/turn              (no ring)

@: quick
A: very small, no armour, no weapons or thrown items, stealth, claws 1, fangs 3,
see invisible, speed 1, shaggy fur 1, sharp paws
a: no special abilities


You were on level 3 of the Dungeon.
You visited 1 branch of the dungeon, and saw 3 of its levels.

You collected 95 gold pieces.

Inventory:

Scrolls
 a - a scroll of fear {unknown}
 c - a scroll of fog {unknown}
 f - 2 scrolls of identify {unknown}
 h - 2 scrolls of remove curse {unknown}
 i - a scroll of teleportation {unknown}
Potions
 b - a potion of attraction {unknown}
 d - a potion of haste {unknown}
 e - 2 potions of degeneration {unknown}
 g - a potion of might {unknown}


   Skills:
 - Level 3.0 Fighting
 + Level 4.8 Dodging
 * Level 5.1 Stealth
 + Level 3.6 Unarmed Combat


You had 2 spell levels left.
You didn't know any spells.
Your spell library was empty.

Dungeon Overview and Level Annotations

Branches:
Dungeon (3/15)

Altars:


Innate Abilities, Weirdness & Mutations

You cannot wear armour.
You are incapable of wielding weapons or throwing items.
Your paws allow you to move quietly. (Stealth)
You have sharp claws.
You have razor-sharp teeth.
You have supernaturally acute eyesight. (SInv)
You cover ground quickly.
You are covered in fur. (AC +1)
Your sharp claws are effective at attacking unaware monsters.


Message History

The orc priest calls down the wrath of Beogh upon you.
Beogh smites you!
Ouch! That really hurt!
* * * LOW HITPOINT WARNING * * *
You are too injured to fight recklessly!
You are too injured to fight recklessly!
You are too injured to fight recklessly!
You are too injured to fight recklessly!
You are too injured to fight recklessly!
You are too injured to fight recklessly!
You are too injured to fight recklessly!
You are too injured to fight recklessly!
You are too injured to fight recklessly!
You are too injured to fight recklessly!
You are too injured to fight recklessly!
You scratch the orc priest.
The orc priest is lightly wounded.
The orc priest calls down the wrath of Beogh upon you.
Pain shoots through your body!
You die...

#[...# #....# ####....###
#.........
####.......##############
#.................(#.....
####.##.......####..#.#.####
...........@o........<......
.....##.##?#####.#######.###
... #.#..................# .
#.#..#####......##.#.# .
#.#..#####......##.#.#
#.##.#..#......†...##.#.#
...................>..#.#
#...........(....###.#
#....#.###.......# #.#


You could see an orc priest.

Vanquished Creatures
  2 adders
  2 oozes
  3 dart slugs
  A leopard gecko (D:1)
  3 orcs
  3 giant cockroaches
  5 goblins
  8 hobgoblins
  2 jackals (D:3)
  5 kobolds
  A quokka (D:3)
  9 bats
  3 frilled lizards
  4 rats (D:1)
51 creatures vanquished.

Notes
Turn   | Place    | Note
-------+----------+-------------------------------------------
     0 | D:1      | Descartes the Felid Monk began the quest for the Orb.
     0 | D:1      | Reached XP level 1. HP: 10/10 MP: 2/2
    48 | D:1      | Reached skill level 3 in Stealth
   383 | D:1      | Reached XP level 2. HP: 14/14 MP: 3/3
   966 | D:1      | Reached skill level 4 in Stealth
  1321 | D:2      | Reached XP level 3. HP: 17/17 MP: 4/4
  2314 | D:3      | Reached XP level 4. HP: 9/21 MP: 5/5
  2847 | D:3      | Reached skill level 5 in Stealth
  3144 | D:3      | HP: 1/21 [orc priest/+0 flail of draining (2)]
  3146 | D:3      | Mangled by an orc priest
  3147 | D:3      | Reached XP level 3. HP: -10/17 MP: 4/4
  3229 | D:3      | Killed from afar by an orc priest

Illustrated notes

Levels and vault maps discovered:
D:1:      saegor_arrival_under_anarchy, layout_basic
D:2:      layout_basic, hex_tiny
D:3:      layout_basic

Skill      XL: |  1  2  3  4 |
---------------+-------------+-----
Stealth        | 3 4 5 |  5.1
Fighting       | |  3.0
Dodging        | |  4.8
Unarmed Combat | |  3.6

Action                   |  1- 3 |  4- 6 || total
-------------------------+-------+-------++-------
Melee: Unarmed           |   109 |    27 ||   136
       Bite              |    12 |     2 ||    14
       Punch             |     1 |     1 ||     2
 Stab: Sleeping          |    10 |     2 ||    12
       Distracted        |     1 |       ||     1
Armor: Skin              |     2 |       ||     2
Dodge: Dodged            |    78 |    15 ||    93

Table legend: (Time is in decaauts)
 A = Elapsed time spent in this place.
 B = Non-inter-level travel time spent in this place.
 C = Inter-level travel time spent in this place.
 D = Time resting spent in this place.
 E = Time spent auto-exploring this place.
 F = Levels seen in this place.
 G = Mean time per level.
                   A        B        C        D        E       F      G
               +--------+--------+--------+--------+--------+-----+--------+
         Total |   2928 |   2830 |     98 |    136 |   2241 |   3 |  976.0 |
       Dungeon |   2928 |   2830 |     98 |    136 |   2241 |   3 |  976.0 |
               +--------+--------+--------+--------+--------+-----+--------+

Top non-repeatable levels by time:
     D:2: 1452 daAuts
     D:1: 1040 daAuts
     D:3: 435 daAuts
